 Dungeon Crawl Stone Soup version 0.31-a0-7-g51783674b7 (webtiles) character file.

Game seed: 6261520827893246346

16 Pimp the Trooper (level 2, -1/20 HPs)
             Began as a Gargoyle Fighter on May 5, 2023.
             Slain by Sigmund
             ... wielding a +0 scythe
              (3 damage)
             ... on level 2 of the Dungeon.
             The game lasted 00:00:55 (707 turns).

Pimp the Trooper (Gargoyle Fighter)                  Turns: 707, Time: 00:00:56

Health: -1/20      AC: 10    Str: 19    XL:     2   Next: 54%
Magic:  2/2        EV:  9    Int:  8    God:
Gold:   51         SH:  4    Dex:  9    Spells: 1/1 levels left

rFire   . . .        a - +0 flail
rCold   + + .        c - +0 buckler
rNeg    + . .        b - +0 scale mail
rPois   ∞            (no helmet)
rElec   +            (no cloak)
rCorr   .            (no gloves)
SInv    .            k - +0 pair of boots
Will    .....        (no amulet) Stlth
                     i - ring of flight
HPRegen 0.23/turn    (no ring)
MPRegen 0.08/turn

%: no passive effects
@: mighty, flying
A: sickness immunity, AC +2, negative energy resistance 1, electricity
resistance, torment resistance 1, petrification resistance, cold resistance 2,
robust 1
a: no special abilities


You were on level 2 of the Dungeon.
You visited 1 branch of the dungeon, and saw 2 of its levels.

You collected 51 gold pieces.

Inventory:

Hand Weapons
 a - a +0 flail (weapon)
Armour
 b - a +0 scale mail (worn)
 c - a +0 buckler (worn)
 k - a +0 pair of boots (worn)
Jewellery
 i - a ring of flight (left hand)
Scrolls
 e - a scroll of silence {unknown}
 f - a scroll of poison {unknown}
 l - a scroll of teleportation {unknown}
Potions
 j - a potion of curing {unknown}


   Skills:
 + Level 3.5 Fighting
 + Level 2.3 Maces & Flails
 + Level 3.5 Armour
 + Level 3.5 Shields


You had one spell level left.
You didn't know any spells.
Your spell library contained the following spells:

 Spells                   Type           Power      Damage    Failure   Level
 Magic Dart               Conj           0%         1d3       85%         1
 Call Imp                 Summ           0%         N/A       94%         2
 Mephitic Cloud           Conj/Pois/Air  0%         N/A       99%         3


Dungeon Overview and Level Annotations

Branches:
Dungeon (2/15)

Altars:

Annotations:
D:2 Sigmund


Innate Abilities, Weirdness & Mutations

You are immune to sickness and miasma.
Your stone body is resilient. (AC +2)
You are immune to poison.
You resist negative energy. (rN+)
You are resistant to electric shocks. (rElec)
You are resistant to unholy torment.
You are immune to petrification.
Your flesh is very cold resistant. (rC++)
You are robust. (+10% HP)


Message History

l - a scroll labelled GAUHOU BAGGATZ Done exploring.
Done exploring.
Done exploring.
You reach down and open the door.
There is an open door here.
Done exploring.
There is a stone staircase leading down here.
You fly downwards.
Sigmund shouts!
Found 3 stones.
Found an escape hatch in the ceiling and an escape hatch in the floor.
Found a stone staircase leading up.
There is a stone staircase leading up here.
You barely miss Sigmund. Sigmund closely misses you.
You sock Sigmund!
Sigmund is moderately wounded.
Sigmund misses you.
You hit Sigmund.
Sigmund is moderately wounded.
Sigmund gestures at you while chanting.
You are confused.
Sigmund hits you but does no damage.
You completely miss Sigmund.
Sigmund is moderately wounded.
Sigmund mumbles some strange words.
Sigmund flickers and vanishes!
Deactivating autopickup; reactivate with Ctrl-A.
Something hits you. Something hits you.
You feel less confused. Something hits you!
* * * LOW HITPOINT WARNING * * *
You sock something! Something completely misses you.
You feel very mighty all of a sudden. Something hits you but does no damage.
It was a potion of mutation.
You feel extremely strange.
You feel resistant to cold.
You feel robust.
You feel more resistant to cold.
It was a potion of magic.
Magic courses through your body. Something hits you.
You die...

.## .. .###
########(...
#..<.....#
#........#
#...<.<..#
#....{..>#
#....@...#
#........#
#........#
#........#
#........#
..........#
#.#........#
#...########


There were no monsters in sight!

Vanquished Creatures
  A dart slug (D:1)
  2 ball pythons (D:1)
  3 endoplasms (D:1)
  A giant cockroach (D:1)
  A hobgoblin (D:1)
  A kobold (D:1)
  2 frilled lizards (D:1)
  A goblin (D:1)
  A rat (D:1)
13 creatures vanquished.

Notes
Turn   | Place    | Note
-------+----------+-------------------------------------------
     0 | D:1      | Pimp the Gargoyle Fighter began the quest for the Orb.
     0 | D:1      | Reached XP level 1. HP: 14/14 MP: 1/1
    60 | D:1      | Found a faded altar of an unknown god.
   156 | D:1      | Reached XP level 2. HP: 19/19 MP: 2/2
   693 | D:2      | Noticed Sigmund
   706 | D:2      | Gained mutation: Your flesh is cold resistant. (rC+)
                  | [potion of mutation]
   706 | D:2      | Gained mutation: You are robust. (+10% HP) [potion of
                  | mutation]
   706 | D:2      | Gained mutation: Your flesh is very cold resistant. (rC++)
                  | [potion of mutation]
   707 | D:2      | Slain by Sigmund

Illustrated notes

Levels and vault maps discovered:
D:1:      shiori_shiawase, layout_basic, hellmonk_ecumenical_altar_crossroads,
          patterned_corridor
D:2:      layout_basic, minmay_quantized, uniq_crazy_yiuf_cottage, uniq_terence,
          uniq_sigmund

Action                     || total
---------------------------++-------
  Melee: Flail             ||    34
    Use: Potion            ||     3
 Armour: Scale mail        ||    18
  Dodge: Dodged            ||    13
  Block: Buckler           ||     8

Table legend: (Time is in decaauts)
 A = Elapsed time spent in this place.
 B = Non-inter-level travel time spent in this place.
 C = Inter-level travel time spent in this place.
 D = Time resting spent in this place.
 E = Time spent auto-exploring this place.
 F = Levels seen in this place.
 G = Mean time per level.
                   A        B        C        D        E       F      G
               +--------+--------+--------+--------+--------+-----+--------+
         Total |    717 |    699 |     18 |      0 |    550 |   2 |  358.5 |
       Dungeon |    717 |    699 |     18 |      0 |    550 |   2 |  358.5 |
               +--------+--------+--------+--------+--------+-----+--------+

Top non-repeatable levels by time:
     D:1: 701 daAuts
     D:2: 15 daAuts
